[Event "Team 45 45 League T45"]
[Site "Internet Chess Club"]
[Date "2010.05.07"]
[Round "1"]
[White "theophilus"]
[Black "SuperJEM"]
[Result "1/2-1/2"]
[WhiteElo "2171"]
[BlackElo "2161"]
[Opening "King's Indian: Petrosian system, Stein variation"]
[ECO "E92"]
[Time "08:15:44"]
[TimeControl "2700+45"]

1. d4 g6 2. c4 d6 3. Nc3 Nf6 4. e4 Bg7 5. Nf3 O-O 6. Be2 e5 7. d5 a5 8. Bg5 h6
9. Bh4 g5 10. Bg3 Nh5 11. h4 g4 12. Nd2 Nxg3 13. fxg3 h5 14. O-O f5 15. exf5
Bxf5 16. Nde4 Nd7 17. Bd3 Bh6 18. Qe2 Qe7 19. Nf6+ Rxf6 20. Rxf5 Rxf5 21. Bxf5
Rf8 22. Be6+ Kg7 23. Bxd7 Qxd7 24. Ne4 Qf5 25. Re1 Kg6 26. c5 dxc5 27. Nxc5 e4
{Game drawn by mutual agreement} 1/2-1/2

[Event "Team 45 45 League T45"]
[Site "Internet Chess Club"]
[Date "2010.05.09"]
[Round "1"]
[White "sandham"]
[Black "Terte"]
[Result "1-0"]
[WhiteElo "2114"]
[BlackElo "1990"]
[Opening "Sicilian: accelerated fianchetto, Maróczy bind"]
[ECO "B36"]
[Time "05:00:16"]
[TimeControl "2700+45"]

1. e4 c5 2. Nf3 Nc6 3. d4 cxd4 4. Nxd4 g6 5. c4 Nf6 6. Nc3 d6 7. Be2 Nxd4 8.
Qxd4 Bg7 9. Be3 O-O 10. Qd2 a5 11. O-O a4 12. Rad1 Be6 13. Bd4 Qa5 14. Qe3 Rfc8
15. Nd5 Bxd5 16. exd5 Qd8 17. Rfe1 Nd7 18. Bxg7 Kxg7 19. h4 Rc7 20. h5 Nf6 21.
Rd4 gxh5 22. Bxh5 Qh8 23. Bd1 Kf8 24. Qd3 Ng8 25. Re3 a3 26. b3 Rac8 27. Bg4 Rb8
28. Bf5 h6 29. Rg3 Nf6 30. Qd2 b6 31. Rh4 h5 32. Bd3 Rc5 33. Be2 b5 34. b4 Rc7
35. cxb5 Rbc8 36. b6 Rc1+ 37. Kh2 Nd7 38. Rxh5 Qa1 39. Qh6+ Ke8 40. Qh8+ Nf8 41.
Bb5+ {Black resigns} 1-0

[Event "Team 45 45 League T45"]
[Site "Internet Chess Club"]
[Date "2010.05.11"]
[Round "1"]
[White "egyptiantiger"]
[Black "Deckfuel"]
[Result "1-0"]
[WhiteElo "2148"]
[BlackElo "2023"]
[Opening "Benoni: Taimanov variation"]
[ECO "A67"]
[Time "09:00:06"]
[TimeControl "2700+45"]

1. d4 Nf6 2. c4 c5 3. d5 e6 4. Nc3 exd5 5. cxd5 d6 6. e4 g6 7. f4 Bg7 8. Bb5+
Nfd7 9. Nf3 O-O 10. a4 Re8 11. O-O Bxc3 12. bxc3 Rxe4 13. Ng5 Re7 14. f5 a6 15.
fxg6 hxg6 16. Bd3 c4 17. Bxc4 Qb6+ 18. Qd4 Qxd4+ 19. cxd4 Nb6 20. Bb3 Bf5 21.
Bf4 Nc8 22. Rfe1 Kf8 23. Rxe7 Kxe7 24. Re1+ Kf8 25. Rc1 Nd7 26. Rc7 Rb8 27. h3
Ke8 28. g4 f6 29. gxf5 fxg5 30. Bxg5 gxf5 31. Bc2 Ne7 32. Bxe7 Kxe7 33. Bxf5 b5
34. Rxd7+ Kf6 35. Bd3 b4 36. Rxd6+ Kg5 37. Rxa6 b3 38. a5 Kh4 39. Rb6 Rd8 40. d6
Kxh3 41. Kf2 b2 42. Ke3 Rg8 43. Rxb2 Rg3+ 44. Kd2 Rg6 {Black resigns} 1-0

[Event "Team 45 45 League T45"]
[Site "Internet Chess Club"]
[Date "2010.05.07"]
[Round "1"]
[White "Vaigpertu"]
[Black "ITurnYouOn"]
[Result "1-0"]
[WhiteElo "2289"]
[BlackElo "2344"]
[Opening "Benoni: classical with e4 and Nf3"]
[ECO "A70"]
[Time "17:13:06"]
[TimeControl "2700+45"]

1. d4 Nf6 2. c4 c5 3. d5 e6 4. Nc3 exd5 5. cxd5 g6 6. Nf3 d6 7. e4 Bg7 8. h3 O-O
9. Bd3 b5 10. Nxb5 Nxe4 11. Bxe4 Re8 12. O-O Rxe4 13. Ng5 Re7 14. Re1 Bb7 15.
Bf4 Bxb2 16. Rb1 Be5 17. Bxe5 Rxe5 18. Rxe5 dxe5 19. Nd6 Ba6 20. Ngxf7 Qe7 21.
Nh6+ Kh8 22. Qg4 Qf6 23. Rb3 e4 24. Nxe4 Qa1+ 25. Kh2 Qe5+ 26. Rg3 Qxd5 27. Qh4
Qd4 28. Nf5 gxf5 29. Nf6 Qxh4 30. Rg8# {Black checkmated} 1-0

[Event "Team 45 45 League T45"]
[Site "Internet Chess Club"]
[Date "2010.05.10"]
[Round "1"]
[White "NFork"]
[Black "trucazzo"]
[Result "1/2-1/2"]
[WhiteElo "2322"]
[BlackElo "2180"]
[Opening "King's Indian, 3.Nf3"]
[ECO "E60"]
[Time "16:19:46"]
[TimeControl "2700+45"]

1. d4 Nf6 2. Nf3 g6 3. c4 c5 4. Nc3 Bg7 5. d5 d6 6. g3 a6 7. a4 e5 8. dxe6 Bxe6
9. Bg2 Nc6 10. O-O Bxc4 11. Bf4 O-O 12. Bxd6 Re8 13. Bxc5 Qa5 14. Be3 Rad8 15.
Nd2 Ng4 16. Nxc4 Qh5 17. h3 Nxe3 18. Nxe3 Rxd1 19. Raxd1 Bxc3 20. bxc3 Qxe2 21.
Rd7 Ne5 22. Rxb7 Nf3+ 23. Bxf3 Qxf3 24. Rfb1 Rxe3 25. fxe3 Qxe3+ 26. Kg2 Qe2+
27. Kg1 Qe3+ 28. Kg2 Qd2+ 29. Kg1 Qe3+ 30. Kg2 {Game drawn by repetition}
1/2-1/2

[Event "Team 45 45 League T45"]
[Site "Internet Chess Club"]
[Date "2010.05.09"]
[Round "1"]
[White "angelV"]
[Black "Boromir"]
[Result "1/2-1/2"]
[WhiteElo "2094"]
[BlackElo "2012"]
[Opening "QGD Slav defense"]
[ECO "D10"]
[Time "14:02:19"]
[TimeControl "2700+45"]

1. d4 d5 2. c4 c6 3. e3 Nf6 4. Nc3 e6 5. Bd2 Be7 6. Rc1 O-O 7. cxd5 exd5 8. Bd3
Bg4 9. Nge2 Nbd7 10. O-O Bd6 11. Qe1 Re8 12. h3 Bh5 13. f4 Bxe2 14. Qxe2 Ne4 15.
Nxe4 dxe4 16. Bc4 Nb6 17. Bb3 Bf8 18. Qg4 Qd7 19. f5 Rac8 20. Rf4 Nd5 21. Rff1
Kh8 22. Qh5 Kg8 23. g4 Qd6 24. Rf2 h6 25. Rcf1 g6 26. fxg6 fxg6 27. Qh4 Bg7 28.
g5 h5 29. a3 Kh8 30. Bb4 Nxb4 31. Rf6 Bxf6 32. Rxf6 Qxf6 33. gxf6 Nd5 34. Qg5
Kh7 35. Bxd5 cxd5 36. Qxd5 Rc7 37. h4 Rf8 38. Qxe4 Rxf6 39. b4 Rcf7 40. Qd5 Kg7
41. Qc4 Rf3 42. d5 Rg3+ 43. Kh2 Rg4 44. Qc3+ Kh6 45. Qe1 Re4 46. a4 Rd7 47. Qf1
Rxh4+ 48. Kg2 Rg4+ 49. Kh3 Rxd5 50. Qf8+ Kg5 51. Qe7+ Kh6 52. Qxb7 Rf5 53. Qa8
g5 54. Qxa7 Rh4+ 55. Kg2 Rg4+ 56. Kh3 Rh4+ 57. Kg2 Rg4+ 58. Kh3 {Game drawn by
repetition} 1/2-1/2

[Event "Team 45 45 League T45"]
[Site "Internet Chess Club"]
[Date "2010.05.08"]
[Round "1"]
[White "saksipotku"]
[Black "Despair"]
[Result "1-0"]
[WhiteElo "2077"]
[BlackElo "2055"]
[Opening "Alekhine's defense: exchange variation"]
[ECO "B03"]
[Time "10:00:54"]
[TimeControl "2700+45"]

1. e4 Nf6 2. e5 Nd5 3. d4 d6 4. c4 Nb6 5. exd6 exd6 6. Nc3 g6 7. Nf3 Bf5 8. Bd3
Bg7 9. Bxf5 gxf5 10. O-O O-O 11. Qd3 Nc6 12. Be3 Qd7 13. b3 Kh8 14. Rad1 Rg8 15.
Ne2 Bf6 16. Ng3 Nb4 17. Qd2 Nc6 18. Nh5 Be7 19. Rfe1 f6 20. Kh1 Rg6 21. Nf4 Rgg8
22. h3 d5 23. c5 Nc8 24. Nh4 b6 25. b4 b5 26. a3 a5 27. Ra1 axb4 28. axb4 Rxa1
29. Rxa1 N8a7 30. Qc3 Nc8 31. Bd2 Bf8 32. Qd3 N8e7 33. Qxb5 Bh6 34. Qa4 Bxf4 35.
Bxf4 Qe6 36. b5 Qe4 37. bxc6 Qxf4 38. Nf3 Qh6 39. Qc2 Qg7 40. Rg1 Qf7 41. Qd3 f4
42. Qd2 Nxc6 43. Qxf4 Nd8 44. Re1 Ne6 45. Qf5 Ng7 46. Qf4 Ne6 47. Qe3 Re8 48.
Qb3 c6 49. Qa4 Qd7 50. Qd1 Rg8 51. Qd2 Qg7 52. g3 Qf7 53. Qd3 Qh5 54. Kh2 Re8
55. Qe3 Kg8 56. g4 Qf7 57. Nh4 Ng7 58. Qd2 Rxe1 59. Qxe1 h5 60. Qe3 hxg4 61.
hxg4 Qc7+ 62. Qg3 Qxg3+ 63. Kxg3 Ne6 64. Nf5 Kf7 65. f4 Ke8 66. Kf3 Kd7 67. Ke3
Ke8 68. Nh4 Kf7 69. Nf3 Ke7 70. f5 Nc7 71. Kf4 Nb5 72. g5 Nc3 73. gxf6+ Kxf6 74.
Ne5 Ne2+ 75. Ke3 Ng3 76. Nxc6 Nxf5+ 77. Kd3 Ke6 78. Kc3 Kd7 79. Nb4 Ne7 80. Kb3
Nf5 81. Kc3 Ne7 82. Nd3 Kc7 83. Ne5 Nf5 84. Nf3 Kb7 85. Ne5 Kc7 86. Nd3 Ne7 87.
Nc1 Nc6 88. Ne2 Ne7 89. Nf4 Kb7 90. Kb3 Nf5 91. Kc3 Ne7 92. Ne2 Kc7 93. Nc1 Nf5
94. Nb3 Kd7 95. Kb4 Ne7 96. Kb5 Kc7 97. Na5 Nf5 98. Nb3 Ne7 99. Na1 Nf5 100. Nc2
Ne7 101. Nb4 Nf5 102. Nxd5+ Kd7 103. Kc4 Kc6 104. Nb4+ Kd7 105. d5 Kc7 106. Kd3
Nh6 107. Ke4 Nf7 108. Nd3 Ng5+ 109. Kf5 Nf7 110. Ke6 Nd8+ 111. Ke7 Nb7 112. d6+
Kc8 113. c6 Nd8 114. Ne5 Nxc6+ 115. Nxc6 Kb7 116. Ne5 {Black resigns} 1-0

[Event "Team 45 45 League T45"]
[Site "Internet Chess Club"]
[Date "2010.05.08"]
[Round "1"]
[White "easycure"]
[Black "Monsoon-Smith"]
[Result "1-0"]
[WhiteElo "2368"]
[BlackElo "2084"]
[Opening "QGD: Tarrasch, Prague variation, 9.Bg5"]
[ECO "D34"]
[Time "21:01:24"]
[TimeControl "2700+45"]

1. d4 d5 2. c4 e6 3. Nc3 c5 4. cxd5 exd5 5. Nf3 Nc6 6. g3 Nf6 7. Bg2 Be7 8. O-O
O-O 9. Bg5 cxd4 10. Nxd4 h6 11. Bf4 Bg4 12. h3 Be6 13. Qa4 Qb6 14. Nxe6 fxe6 15.
Qc2 Kh8 16. Na4 Qb5 17. Nc3 Qb6 18. Qg6 Rad8 19. b3 Bd6 20. Bxd6 Rxd6 21. Rad1
Ne7 22. Qd3 Rdd8 23. e3 Nf5 24. Ne2 Ne7 25. Qd4 Qa6 26. Qd3 Qb6 27. Rc1 e5 28.
Rfd1 Nc6 29. Nc3 e4 30. Qb5 Qxb5 31. Nxb5 Rd7 32. Bf1 a6 33. Nd4 Ne5 34. Rd2 Ng8
35. Rdc2 Nf3+ 36. Nxf3 Rxf3 37. Be2 Rf6 38. Rc7 Rdf7 39. Rxf7 Rxf7 40. Rc8 Kh7
41. b4 Nf6 42. Bd1 Rd7 43. a3 d4 44. exd4 Rxd4 45. Bc2 h5 46. Kf1 Kh6 47. Ke2
Rd6 48. Ke3 b6 49. Bxe4 Nxe4 50. Kxe4 Kg6 51. Ke5 Rf6 52. f4 a5 53. Rd8 axb4 54.
axb4 Rf5+ 55. Ke4 Rb5 56. Rd4 Kf7 57. Kd3 g5 58. Kc4 Rf5 59. Rd5 b5+ 60. Rxb5
Rxb5 61. Kxb5 h4 62. gxh4 gxf4 63. Kc4 {Black resigns} 1-0

[Event "Team 45 45 League T45"]
[Site "Internet Chess Club"]
[Date "2010.05.07"]
[Round "1"]
[White "Kolibri"]
[Black "Ser-Enigma"]
[Result "0-1"]
[WhiteElo "2079"]
[BlackElo "2160"]
[Opening "Sicilian: Pelikan, Chelyabinsk variation"]
[ECO "B33"]
[Time "13:00:25"]
[TimeControl "2700+45"]

1. e4 c5 2. Nf3 Nc6 3. d4 cxd4 4. Nxd4 Nf6 5. Nc3 e5 6. Ndb5 d6 7. Bg5 a6 8. Na3
b5 9. Nd5 Be7 10. Bxf6 Bxf6 11. c3 Bg5 12. Nc2 Rb8 13. Bd3 O-O 14. O-O a5 15. b4
Be6 16. bxa5 Bxd5 17. exd5 Nxa5 18. Nb4 f5 19. a4 bxa4 20. Qxa4 Ra8 21. Ba6 Nb7
22. Nc6 Qc7 23. Qb4 Nc5 24. Be2 Ne4 25. Bd3 Nd2 26. Rfd1 e4 27. Be2 e3 28. fxe3
Bxe3+ 29. Kh1 Ne4 30. g3 Nf2+ 31. Kg2 Nxd1 32. Rxd1 Ra2 33. Kf3 Re8 34. Qb3 Raa8
35. Bd3 Bc5 36. Bxf5 Qf7 37. Kg4 h5+ {White resigns} 0-1

[Event "Team 45 45 League T45"]
[Site "Internet Chess Club"]
[Date "2010.05.11"]
[Round "1"]
[White "jorobo"]
[Black "Jack-ONeill"]
[Result "1/2-1/2"]
[WhiteElo "2130"]
[BlackElo "2036"]
[Opening "English: four knights, kingside fianchetto"]
[ECO "A29"]
[Time "07:00:05"]
[TimeControl "2700+45"]

1. c4 e5 2. Nc3 Nf6 3. Nf3 Nc6 4. g3 Nd4 5. Bg2 Nxf3+ 6. Bxf3 Bb4 7. Qc2 O-O 8.
O-O Re8 9. d3 c6 10. Bg5 h6 11. Bxf6 Qxf6 12. a3 Bxc3 13. Qxc3 d6 14. b4 Bf5 15.
b5 e4 16. Qxf6 gxf6 17. dxe4 Bxe4 18. Kg2 cxb5 19. cxb5 Rac8 20. Bxe4 Rxe4 21.
Kf3 Re5 22. a4 Rc3+ 23. e3 Rc4 24. Rfc1 Rec5 25. Rxc4 Rxc4 {Game drawn by mutual
agreement} 1/2-1/2

[Event "Team 45 45 League T45"]
[Site "Internet Chess Club"]
[Date "2010.05.16"]
[Round "1"]
[White "baumhauer"]
[Black "TerryMalloy"]
[Result "1/2-1/2"]
[WhiteElo "1906"]
[BlackElo "2116"]
[Opening "Réti: advance variation"]
[ECO "A09"]
[Time "11:03:27"]
[TimeControl "2700+45"]

1. Nf3 d5 2. c4 d4 3. b4 f6 4. Bb2 e5 5. c5 Be6 6. e3 dxe3 7. fxe3 Nh6 8. Bb5+
c6 9. Ba4 Be7 10. O-O O-O 11. Bb3 Qd7 12. Nc3 Na6 13. a3 Nc7 14. Ne2 a5 15. e4
Rfd8 16. Qc2 Qd3 17. Bxe6+ Nxe6 18. Qxd3 Rxd3 19. Bc3 Nf7 20. Nc1 Rd7 21. Nb3
axb4 22. axb4 Rxa1 23. Rxa1 Nfg5 24. Nxg5 Nxg5 25. Re1 Ne6 26. g3 b6 27. cxb6
Rb7 28. Kg2 Rxb6 29. Na5 Bxb4 30. Bxb4 Rxb4 31. Nxc6 Rb2 32. Re2 Kf7 33. Kf2 Ke8
34. d3 Rb3 35. Rd2 Kd7 36. Na5 Rc3 37. Nc4 Nc5 38. Ke2 Kc6 39. Ne3 {Game drawn
by mutual agreement} 1/2-1/2

[Event "Team 45 45 League T45"]
[Site "Internet Chess Club"]
[Date "2010.05.08"]
[Round "1"]
[White "Uwak"]
[Black "AugustoCaruso"]
[Result "1/2-1/2"]
[WhiteElo "2416"]
[BlackElo "2240"]
[Opening "Ruy Lopez: Schliemann defense, Berger variation"]
[ECO "C63"]
[Time "10:00:27"]
[TimeControl "2700+45"]

1. e4 e5 2. Nf3 Nc6 3. Bb5 f5 4. Nc3 fxe4 5. Nxe4 Nf6 6. Nxf6+ Qxf6 7. Qe2 Be7
8. Bxc6 bxc6 9. Nxe5 c5 10. O-O Bb7 11. b3 O-O 12. Bb2 Rae8 13. Rae1 Qe6 14. Qb5
Qd5 15. f3 Bh4 16. Re4 Bf6 17. Rfe1 c4 18. Qxd5+ Bxd5 19. R4e2 cxb3 20. axb3 d6
21. Nd7 Rxe2 22. Nxf6+ Rxf6 23. Rxe2 Re6 24. Kf2 Rxe2+ 25. Kxe2 Kf7 26. c4 Be6
27. d4 c6 28. h4 d5 29. c5 Bf5 30. g4 Bc2 31. b4 Ke6 32. Kd2 Ba4 33. Ke2 Bc2 34.
Kd2 Ba4 35. Ke2 Bc2 {Game drawn by repetition} 1/2-1/2

[Event "Team 45 45 League T45"]
[Site "Internet Chess Club"]
[Date "2010.05.09"]
[Round "1"]
[White "technika"]
[Black "Gil-galad"]
[Result "0-1"]
[WhiteElo "1961"]
[BlackElo "2130"]
[Opening "Sicilian: closed, 2...Nc6"]
[ECO "B23"]
[Time "05:10:08"]
[TimeControl "2700+45"]

1. e4 c5 2. Nc3 Nc6 3. Bb5 Nd4 4. Bc4 e6 5. Nge2 Ne7 6. d3 Nec6 7. Nxd4 cxd4 8.
Ne2 Be7 9. Bd2 O-O 10. O-O f5 11. Bb3 Kh8 12. Rc1 fxe4 13. dxe4 b6 14. Ng3 Ba6
15. Re1 Qc7 16. f4 Rxf4 17. Bxf4 Qxf4 18. Nh5 Qe5 19. Qg4 Rf8 20. Kh1 g6 21. Ng3
Rf4 22. Qd1 Rh4 23. Qf3 Bd6 24. Kg1 Rf4 25. Qd1 h5 26. Qd2 h4 27. Ne2 Rg4 28. g3
Kg7 29. c3 d3 30. Nd4 hxg3 31. Nf3 gxh2+ 32. Kh1 Qg3 33. Rf1 Bf4 34. Qxh2 Bxc1
{White resigns} 0-1

[Event "Team 45 45 League T45"]
[Site "Internet Chess Club"]
[Date "2010.05.09"]
[Round "1"]
[White "QueensCounselor"]
[Black "BRAINWAVE"]
[Result "1-0"]
[WhiteElo "2095"]
[BlackElo "1788"]
[Opening "Dutch"]
[ECO "A80"]
[Time "15:14:17"]
[TimeControl "2700+45"]

1. d4 f5 2. Nf3 e6 3. c4 d5 4. e3 c6 5. Nc3 Bd6 6. c5 Bc7 7. Bd3 Nf6 8. O-O Nbd7
9. b4 O-O 10. Ng5 Qe7 11. Nf3 Ne4 12. Bd2 e5 13. Be2 Nxd2 14. Nxd2 Nf6 15. Qc2
e4 16. b5 Bd7 17. bxc6 bxc6 18. Rab1 Rab8 19. g3 g5 20. Rxb8 Rxb8 21. Rb1 Rxb1+
22. Qxb1 Bc8 23. Qb3 Ba5 24. Qa3 Bd8 25. Ba6 Be6 26. Qb3 Qc7 27. Bf1 Bc8 28. Qa4
Bd7 29. Qb3 Kg7 30. Bh3 Bc8 31. Qb4 Kg6 32. Nb3 Ba6 33. Bf1 Bxf1 34. Kxf1 f4 35.
Ne2 fxe3 36. fxe3 Ng4 37. Kg1 Nxe3 38. Qc3 Nc4 39. Nd2 Nxd2 40. Qxd2 Qa5 41.
Qxa5 Bxa5 42. g4 Kf6 43. Kf2 Bc7 44. h3 Ke6 45. a4 Kd7 46. Nc3 Kc8 47. Ke3 Bf4+
48. Ke2 Kb7 49. Na2 Bc7 50. Ke3 Ba5 51. Ke2 Ka6 52. Kd1 Bc7 53. Nb4+ Kb7 54. Ke2
Bf4 55. Kd1 Be3 56. Nc2 Bg1 57. Ke2 Bh2 58. Ke3 Bc7 59. Ke2 Ba5 60. Ne3 Bc3 61.
Nf5 Ka6 62. Ke3 Ka5 63. Ne7 Kxa4 64. Nxc6 a5 65. Ne7 Be1 66. Nxd5 Kb5 67. Kxe4
Kc4 68. Nb6+ Kb5 69. Kd3 a4 70. Nc4 Bb4 71. Nd6+ Ka5 72. Kc4 Be1 73. d5 Bf2 74.
Nb7+ Ka6 75. c6 Kb6 76. Kb4 a3 77. Kxa3 Kc7 78. Kb4 Bg3 79. Kb5 Bf2 80. d6+ Kc8
81. d7+ {Black resigns} 1-0

[Event "Team 45 45 League T45"]
[Site "Internet Chess Club"]
[Date "2010.05.05"]
[Round "1"]
[White "frothyjowels"]
[Black "f5"]
[Result "0-1"]
[WhiteElo "2376"]
[BlackElo "2168"]
[Opening "Sicilian: Nimzovich-Rossolimo attack (with ...g6, without ...d6)"]
[ECO "B31"]
[Time "22:37:13"]
[TimeControl "2700+45"]

1. e4 c5 2. Nf3 Nc6 3. Bb5 g6 4. O-O Bg7 5. c3 Nf6 6. Re1 O-O 7. d4 d5 8. e5 Ne4
9. Nbd2 Nxd2 10. Bxd2 Qb6 11. Qa4 a6 12. Bxc6 bxc6 13. dxc5 Qxc5 14. Nd4 Bb7 15.
b4 Qc4 16. Nb3 Rfb8 17. Nc5 Qb5 18. Qb3 Bc8 19. a4 {White resigns} 0-1

[Event "Team 45 45 League T45"]
[Site "Internet Chess Club"]
[Date "2010.05.09"]
[Round "1"]
[White "chiiwen"]
[Black "eurander"]
[Result "1/2-1/2"]
[WhiteElo "2163"]
[BlackElo "2230"]
[Opening "Caro-Kann: classical, Spassky variation"]
[ECO "B19"]
[Time "13:03:52"]
[TimeControl "2700+45"]

1. e4 c6 2. d4 d5 3. Nd2 dxe4 4. Nxe4 Bf5 5. Ng3 Bg6 6. h4 h6 7. Nf3 Nd7 8. h5
Bh7 9. Bd3 Bxd3 10. Qxd3 e6 11. Bf4 Qa5+ 12. Bd2 Bb4 13. c3 Be7 14. c4 Qc7 15.
O-O-O Ngf6 16. Ne4 O-O 17. Rdg1 b5 18. cxb5 cxb5+ 19. Kb1 Nxe4 20. Qxe4 Nf6 21.
Qe2 Rac8 22. Rc1 Qb7 23. Ne5 Qd5 24. Be3 Bd6 25. Nd3 b4 26. g4 b3 27. axb3 Qxb3
28. Nc5 Bxc5 29. dxc5 Nd5 30. Qc4 Qb7 31. Rhe1 Rb8 32. Rc2 Qc6 33. Bd2 Rb5 34.
Qd4 Rc8 35. Rec1 Rcb8 36. Rg1 f6 37. f4 Rc8 38. Rgc1 Rcb8 39. Rg1 Rc8 40. Rgc1
Rcb8 {Game drawn by mutual agreement} 1/2-1/2

[Event "Team 45 45 League T45"]
[Site "Internet Chess Club"]
[Date "2010.05.09"]
[Round "1"]
[White "frontier"]
[Black "deeppurple"]
[Result "1-0"]
[WhiteElo "2181"]
[BlackElo "2056"]
[Opening "English opening"]
[ECO "A16"]
[Time "19:30:28"]
[TimeControl "2700+45"]

1. c4 Nf6 2. Nc3 g6 3. g3 Bg7 4. Bg2 O-O 5. d3 c6 6. e4 d6 7. Nge2 e5 8. O-O Na6
9. h3 Nc7 10. f4 exf4 11. Nxf4 Ne6 12. Be3 Re8 13. Qd2 a5 14. Rf2 Nc5 15. Raf1
Rb8 16. Nfe2 Qe7 17. Bg5 Ncd7 18. d4 Qe6 19. b3 Rf8 20. d5 Qe7 21. Qd4 c5 22.
Qd2 Ra8 23. Qf4 h6 24. Bxh6 Bxh6 25. Qxh6 Nh7 26. Nb5 Ne5 27. Rf4 g5 28. Rf6
Nxf6 29. Rxf6 Ng6 30. Rxd6 Bd7 31. Nec3 a4 32. e5 Bxb5 33. cxb5 Qxe5 34. Ne4
axb3 35. axb3 Ra1+ 36. Kh2 Rf1 37. Nxg5 Qg7 38. Qxg7+ {Black resigns} 1-0

[Event "Team 45 45 League T45"]
[Site "Internet Chess Club"]
[Date "2010.05.11"]
[Round "1"]
[White "BlackHorse"]
[Black "Freitac"]
[Result "1-0"]
[WhiteElo "2194"]
[BlackElo "1990"]
[Opening "Caro-Kann defense"]
[ECO "B10"]
[Time "17:00:14"]
[TimeControl "2700+45"]

1. e4 c6 2. Nf3 d5 3. exd5 cxd5 4. d4 Bg4 5. Be2 Nf6 6. h3 Bf5 7. g4 Bg6 8. Ne5
Qc7 9. Nc3 Nc6 10. Bf4 Qb6 11. Bb5 e6 12. Nxg6 hxg6 13. a4 Bb4 14. f3 a6 15.
Bxc6+ Qxc6 16. Qd3 Rc8 17. Bd2 Bxc3 18. Bxc3 Qc4 19. Qe3 Qc7 20. Kd2 Nd7 21. a5
Nb8 22. h4 Nc6 23. f4 Ne7 24. Raf1 Qd7 25. h5 gxh5 26. f5 exf5 27. Re1 Kd8 28.
Qg5 g6 29. Bb4 Rc7 30. Rxe7 {Black resigns} 1-0

[Event "Team 45 45 League T45"]
[Site "Internet Chess Club"]
[Date "2010.05.09"]
[Round "1"]
[White "MaartenKoning"]
[Black "vnchess"]
[Result "1-0"]
[WhiteElo "2285"]
[BlackElo "2215"]
[Opening "Sicilian: accelerated fianchetto, modern variation with Bc4"]
[ECO "B35"]
[Time "11:03:07"]
[TimeControl "2700+45"]

1. e4 c5 2. Nf3 g6 3. d4 cxd4 4. Nxd4 Bg7 5. Nc3 Nc6 6. Be3 Nf6 7. Bc4 O-O 8.
Bb3 a5 9. O-O a4 10. Nxa4 Nxe4 11. c4 Qa5 12. Nb5 Be5 13. Qe2 Ra6 14. Bh6 f5 15.
Bxf8 Kxf8 16. Nac3 Nxc3 17. Nxc3 Nd4 18. Qd1 e6 19. Qe1 Qc5 20. Rd1 b6 21. Na4
Qc7 22. f4 Bf6 23. Qe3 Nxb3 24. axb3 Bb7 25. Nc3 Qc6 26. Rd2 Be7 27. Qd3 Bc5+
28. Kh1 Ke7 29. Re1 Kd8 30. Red1 d6 31. Nb5 d5 32. cxd5 exd5 33. Nd4 Qf6 34. h3
Ra2 35. Qe2 Bd6 36. Rc1 Ba6 37. Nb5 d4 38. Rcd1 Bc5 39. b4 Be7 40. Rxd4+ Kc8 41.
Qc4+ {Black resigns} 1-0

[Event "Team 45 45 League T45"]
[Site "Internet Chess Club"]
[Date "2010.05.07"]
[Round "1"]
[White "Aguiar94"]
[Black "Paulkov"]
[Result "0-1"]
[WhiteElo "2237"]
[BlackElo "2208"]
[Opening "Benoni: classical with e4 and Nf3"]
[ECO "A70"]
[Time "21:00:57"]
[TimeControl "2700+45"]

1. d4 Nf6 2. c4 c5 3. d5 e6 4. Nc3 exd5 5. cxd5 d6 6. e4 g6 7. Nf3 a6 8. a4 Bg4
9. Qb3 Qe7 10. Nd2 Bg7 11. f3 Bc8 12. Nc4 O-O 13. Bf4 Rd8 14. Nb6 Nh5 15. Nxa8
Nxf4 16. Nb6 Nd7 17. Nxc8 Rxc8 18. g3 c4 19. Qd1 Nc5 20. gxf4 Qh4+ 21. Kd2 Nb3+
22. Kc2 Qf2+ 23. Kb1 Nd2+ 24. Kc1 Nb3+ 25. Kb1 Nd2+ 26. Ka2 Bxc3 27. Qc2 Bb4 28.
Bh3 Rc5 29. Rhf1 Qxh2 30. Rfd1 Qxh3 31. Rxd2 Bxd2 32. Qxd2 Qxf3 33. Qc3 Qxc3 34.
bxc3 Ra5 35. Ka3 b5 36. Kb4 Rxa4+ 37. Rxa4 bxa4 38. e5 Kf8 39. exd6 Ke8 40. Kxc4
Kd7 41. Kb4 Kxd6 42. c4 a3 43. Kxa3 h5 44. Kb4 h4 45. Ka5 h3 46. f5 gxf5 47. Kb6
h2 48. c5+ Kxd5 49. c6 h1=Q 50. c7 Qc1 {White resigns} 0-1

[Event "Team 45 45 League T45"]
[Site "Internet Chess Club"]
[Date "2010.05.09"]
[Round "1"]
[White "nb"]
[Black "SlimeDog2"]
[Result "0-1"]
[WhiteElo "2078"]
[BlackElo "2151"]
[Opening "Grünfeld: exchange, Spassky variation"]
[ECO "D87"]
[Time "15:02:05"]
[TimeControl "2700+45"]

1. d4 Nf6 2. c4 g6 3. Nc3 d5 4. cxd5 Nxd5 5. e4 Nxc3 6. bxc3 Bg7 7. Bc4 c5 8.
Ne2 O-O 9. O-O Nc6 10. Be3 Na5 11. Bd3 b6 12. Qd2 e5 13. Bg5 f6 14. Bh6 cxd4 15.
cxd4 exd4 16. Bxg7 Kxg7 17. f4 Qd6 18. f5 g5 19. Ng3 Bd7 20. e5 Qxe5 21. Rae1
Qc7 22. Re7+ Rf7 23. Nh5+ Kf8 24. Re6 Re8 25. Rxf6 Re3 26. Rxf7+ Kxf7 27. f6 Qc3
28. Qxc3 dxc3 29. Bxh7 Be6 30. h4 gxh4 31. Rf2 Nc4 32. Nf4 Bg4 33. Ng6 Ne5 34.
Nh8+ Kf8 35. Bc2 Re1+ 36. Kh2 Re2 37. Rxe2 Bxe2 38. Kh3 Bd3 39. Bb3 c2 40. Bxc2
Bxc2 41. Kxh4 b5 42. g4 a5 43. Kg5 b4 44. Kf4 Nf7 {White resigns} 0-1

[Event "Team 45 45 League T45"]
[Site "Internet Chess Club"]
[Date "2010.05.09"]
[Round "1"]
[White "Telos"]
[Black "zeigmata"]
[Result "1-0"]
[WhiteElo "2496"]
[BlackElo "2342"]
[Opening "Nimzo-Indian: classical variation"]
[ECO "E32"]
[Time "15:03:00"]
[TimeControl "2700+45"]

1. d4 Nf6 2. c4 e6 3. Nc3 Bb4 4. Qc2 O-O 5. a3 Bxc3+ 6. Qxc3 b6 7. Bg5 Bb7 8. f3
h6 9. Bh4 c5 10. dxc5 bxc5 11. e3 d6 12. Rd1 Nc6 13. Bd3 Ne4 14. Bxe4 Qxh4+ 15.
g3 Qe7 16. Ne2 Ne5 17. O-O f5 18. f4 Bxe4 19. fxe5 Rad8 20. Nf4 Ba8 21. exd6
Rxd6 22. Qe5 Rfd8 23. Qxc5 g5 24. Rxd6 Qxd6 25. Qxd6 Rxd6 26. Ng6 Kg7 27. Ne5
Kf6 28. Ng4+ Kg7 29. Nf2 Rd2 30. b4 Rc2 31. c5 Bf3 32. Re1 Rc3 33. e4 Rxa3 34.
c6 Rc3 35. b5 Rc5 36. Nd3 Rc3 37. Rc1 Rxc1+ 38. Nxc1 Bxe4 39. Nb3 Kf7 40. Nc5
Ke7 41. c7 Bb7 42. Nxb7 Kd7 43. Nc5+ Kxc7 44. Nxe6+ Kb6 45. Nd4 f4 46. gxf4 gxf4
47. Kg2 Kc5 48. Nc6 a6 49. bxa6 Kxc6 50. Kf3 Kb6 51. Kxf4 Kxa6 52. Kf5 Kb6 53.
Kg6 Kc6 54. Kxh6 Kd6 55. h4 Ke6 56. Kg7 {Black resigns} 1-0

[Event "Team 45 45 League T45"]
[Site "Internet Chess Club"]
[Date "2010.05.09"]
[Round "1"]
[White "pebble767"]
[Black "Cuby"]
[Result "0-1"]
[WhiteElo "2066"]
[BlackElo "2250"]
[Opening "QGD"]
[ECO "D52"]
[Time "15:00:13"]
[TimeControl "2700+45"]

1. Nf3 c6 2. d4 d5 3. c4 e6 4. Nc3 Nf6 5. Bg5 Nbd7 6. e3 Be7 7. Bd3 h6 8. Bh4
O-O 9. O-O dxc4 10. Bxc4 b5 11. Bd3 Bb7 12. Rc1 a6 13. e4 Nxe4 14. Bxe7 Nxc3 15.
Rxc3 Qxe7 16. Be4 Rac8 17. Qc2 Qd6 18. Rc1 Nb8 19. Qd1 Rfd8 20. Qe2 Nd7 21. h3
Nf6 22. Bb1 Rc7 23. Rc5 Nd7 24. R5c3 c5 25. Qc2 f5 26. dxc5 Rxc5 27. Rd1 Rd5 28.
Rc1 Nf6 29. a3 Rd1+ 30. Rxd1 Qxd1+ 31. Kh2 Qd6+ 32. Kg1 Be4 33. Qc1 Qd1+ {White
resigns} 0-1